 Dungeon Crawl Stone Soup version 0.26.0-10-g1f06aea511 (webtiles) character file.

Game seed: 9647519192284985707

4372 Dracia the Spear-Bearer (level 10, -3/100 HPs)
             Began as a Demonspawn Gladiator on Jan 16, 2021.
             Was a Believer of Makhleb.
             Slain by a death yak (8 damage)
             ... on level 7 of the Dungeon.
             The game lasted 00:23:19 (9086 turns).

Dracia the Spear-Bearer (Demonspawn Gladiator)      Turns: 9086, Time: 00:23:20

Health: -3/100     AC:  9    Str: 22    XL:     10   Next: 13%
Magic:  0/27       EV: 12    Int: 12    God:    Makhleb [**....]
Gold:   459        SH:  0    Dex: 14    Spells: 4/9 levels left

rFire    + . .     SeeInvis .   z - +2 trident
rCold    . . .     Faith    .   (no shield)
rNeg     . . .     Spirit   +   y - +0 chain mail
rPois    .         Reflect  .   c - +0 helmet
rElec    .         Harm     .   (no cloak)
rCorr    .         Rampage  .   (no gloves)
Will     .....                  (no boots)
Stlth    ..........             g - amulet of regeneration
HPRegen  0.66/turn              W - ring of magical power
MPRegen  0.40/turn              S - +6 ring of strength

@: berserking, very quick
A: repulsion field 2, fire resistance 1, magic shield, magic regeneration, magic
link, flame cloud immunity
a: Renounce Religion, Minor Destruction


You were on level 7 of the Dungeon.
You worshipped Makhleb.
Makhleb was pleased with you.
You visited 2 branches of the dungeon, and saw 9 of its levels.

You collected 525 gold pieces.
You spent 66 gold pieces at shops.


Innate Abilities, Weirdness & Mutations

You are surrounded by a moderate repulsion field. (EV +3)
Your flesh is heat resistant. (rF+)
When hurt, damage is shared between your health and your magic reserves.
You regenerate magic rapidly.
When low on magic, you restore magic in place of health.
You are immune to clouds of flame.


   Skills:
 - Level 2.0 Fighting
 + Level 11.2 Polearms
 - Level 1.7 Throwing
 - Level 2.6 Dodging
 - Level 11.1 Invocations


You had 4 spell levels left.
You knew the following spells:

 Your Spells              Type           Power        Failure   Level
m - Mephitic Cloud        Conj/Pois/Air  0%           100%        3
I - Blink                 Tloc           N/A          99%         2

Your spell library contained the following spells:

 Spells                   Type           Power        Failure   Level
 Freeze                   Ice            0%           98%         1
 Magic Dart               Conj           0%           98%         1
 Call Imp                 Summ           0%           99%         2
 Slow                     Hex            0%           99%         2
 Conjure Flame            Conj/Fire      0%           100%        3
 Frozen Ramparts          Ice            0%           100%        3
 Ozocubu's Armour         Ice            0%           100%        3
 Hailstorm                Conj/Ice       0%           100%        4
 Summon Ice Beast         Ice/Summ       0%           100%        4

Inventory:

Hand Weapons
 a - a +1 trident of venom
 b - the +6 hunting sling of Attainder {freeze, rF+}
   (You found it on level 4 of the Dungeon)

   It causes projectiles fired from it to freeze those they strike, causing
   extra injury to most foes and up to half again as much damage against
   particularly susceptible opponents.
   They can also slow down cold-blooded creatures.
   It protects you from fire.
 h - a +0 hunting sling
 z - a +2 trident (weapon)
Missiles
 d - 4 throwing nets {=f=f}
 k - 3 atropa-tipped darts
 m - 51 sling bullets
 r - 14 poisoned darts (quivered)
Armour
 c - a +0 helmet (worn)
 i - a +0 leather armour
 t - a +0 scale mail
 y - a +0 chain mail (worn)
Jewellery
 g - an amulet of regeneration (around neck)
 I - a +6 ring of intelligence
 R - an uncursed ring of resist corrosion
 S - a +6 ring of strength (right hand)
 W - a ring of magical power (left hand)
Wands
 D - a wand of polymorph (7)
Scrolls
 e - 2 scrolls of teleportation {@r4@r4}
 p - 2 scrolls of remove curse {@r2@r2}
 q - a scroll of identify {@r1@r1}
 A - a scroll of blinking
 C - a scroll of torment {unknown}
 E - a scroll of amnesia
Potions
 f - 5 potions of curing {@q1@q1}
 j - 3 potions of flight
 l - a potion of haste {@q3@q3}
 n - a potion of magic
 o - 2 potions of invisibility
 s - a potion of berserk rage {!q!q}
 v - 3 potions of lignification
 w - a potion of brilliance

Dungeon Overview and Level Annotations

Branches:
Dungeon (8/15)             Temple (1/1) D:4            Lair (0/6) D:8

Altars:
Ashenzari
Elyvilon
Fedhas
Gozag
Makhleb
Nemelex Xobeh
Okawaru
Qazlal
Sif Muna
Trog
Vehumet
Xom
Yredelemnul
Zin
The Shining One

Shops:
D:7

(! .................####.#.#
........................#######
..............................#
..................#####.#######
............####..# #.#
............# #..# #.#
............# #..# #.#
............####<.# #.#
...............Y@.# #.#
..................# ###
################..#
.......##.........#
######.##.##.....##
#.##.##.##### #.##.##.#######
### #.##..........######### ..#
##'#...................#


You could see a death yak.


Message History

The death yak is lightly wounded.
The death yak gores you!!
You barely miss the death yak.
The death yak is lightly wounded.
The death yak gores you.
Unknown command.
You hit the death yak but do no damage.
The death yak is lightly wounded.
You hit the death yak.
The death yak is moderately wounded.
The death yak gores you!!
* * * LOW HITPOINT WARNING * * *
Okay, then.
Okay, then.
Really quaff
s - 2 potions of berserk rage {!q!q}?
A red film seems to cover your vision as you go berserk!
You feel yourself moving faster!
You feel mighty! The death yak gores you!!
* * * LOW HITPOINT WARNING * * *
You hit the death yak.
The death yak is moderately wounded.
The death yak gores you!!
* * * LOW HITPOINT WARNING * * *
You hit the death yak.
The death yak is moderately wounded.
You hit the death yak.
The death yak is moderately wounded.
You hit the death yak.
The death yak is moderately wounded.
The death yak gores you!
You die...

Skill      XL: |  1  2  3  4  5  6  7  8  9 |
---------------+----------------------------+-----
Polearms       | 3 4 5 6 7 8 9 11 | 11.2
Invocations    | 1 5 8 11 | 11.1
Fighting       | |  2.0
Throwing       | |  1.7
Dodging        | |  2.6

Action                   |  1- 3 |  4- 6 |  7- 9 | 10-12 || total
-------------------------+-------+-------+-------+-------++-------
Melee: Trident           |   153 |   258 |   398 |    10 ||   819
 Fire: Hunting sling     |       |       |    79 |       ||    79
Throw: Dart              |       |     5 |     9 |       ||    14
Invok: Minor Destruction |       |       |    38 |       ||    38
  Use: Scroll            |     3 |    11 |     4 |     1 ||    19
       Potion            |       |     1 |     1 |     1 ||     3
 Stab: Sleeping          |     2 |       |       |       ||     2
Armor: Leather armour    |    31 |    11 |       |       ||    42
       Scale mail        |       |    57 |    79 |       ||   136
       Chain mail        |       |       |    62 |     1 ||    63
Dodge: Dodged            |    83 |   142 |   249 |     1 ||   475

Levels and vault maps discovered:
D:1:      nicolae_arrival_kraken_aquarium_a, layout_basic, interstate_on_off
D:2:      layout_loops_ring, nicolae_overflow_crystal_walls, uniq_terence
D:3:      minmay_recursive_quarters, layout_basic
D:4:      layout_rooms, grunt_temple_overflow_order_and_chaos_1,
          lemuel_round_altar, lemuel_doored_altar, minmay_temple_entry_slanted,
          kennysheep_generic_room_7
D:5:      layout_rooms, lemuel_flame_loot_1
D:6:      layout_basic, overflow_temple_1_default
D:7:      layout_basic, elyvilon_altar_3, serial_shops, shop, shop
D:8:      layout_basic, lemuel_blue_sif_altar, kennysheep_mini,
          dpeg_lair_monsters, grunt_qazlal_clouds, uniq_grum, uniq_gastronok,
          uniq_pikel
Temple:   dshaligram_water_room_temple

Notes
Turn   | Place    | Note
-------+----------+-------------------------------------------
     0 | D:1      | Dracia the Demonspawn Gladiator began the quest for the
                  | Orb.
     0 | D:1      | Reached XP level 1. HP: 16/16 MP: 1/1
     0 | D:1      | Noticed an octopode
     0 | D:1      | Noticed a human
     0 | D:1      | Noticed a ghoul
     0 | D:1      | Noticed a human
     0 | D:1      | Noticed an ogre
     0 | D:1      | Noticed a minotaur
     0 | D:1      | Noticed a kraken
     0 | D:1      | Noticed a vampire
     0 | D:1      | Noticed a minotaur
     0 | D:1      | Noticed a draconian
     0 | D:1      | Noticed a vampire
     0 | D:1      | Noticed a draconian
     9 | D:1      | Killed a minotaur
    10 | D:1      | Killed a human
    11 | D:1      | Killed an octopode
    12 | D:1      | Killed a vampire
    12 | D:1      | Killed a kraken
    42 | D:1      | Reached skill level 3 in Polearms
    77 | D:1      | Gained mutation: When hurt, damage is shared between your
                  | health and your magic reserves. [demonic ancestry]
    77 | D:1      | Reached XP level 2. HP: 17/22 MP: 2/2
   782 | D:1      | Reached XP level 3. HP: 22/27 MP: 3/3
  1149 | D:1      | Reached skill level 4 in Polearms
  1678 | D:2      | Learned a level 2 spell: Blink
  1901 | D:2      | Gained mutation: You are surrounded by a mild repulsion
                  | field. (EV +2) [demonic ancestry]
  1901 | D:2      | Reached XP level 4. HP: 33/33 MP: 4/4
  2022 | D:2      | Found a glowing golden altar of the Shining One.
  2148 | D:2      | Noticed Terence
  2161 | D:2      | Killed Terence
  2162 | D:2      | Reached skill level 5 in Polearms
  2297 | D:2      | You fall into a shaft and drop 1 floor!
  2687 | D:3      | Noticed a bullfrog
  2708 | D:3      | Killed a bullfrog
  2709 | D:3      | Gained mutation: Your flesh is heat resistant. (rF+)
                  | [demonic ancestry]
  2709 | D:3      | Reached XP level 5. HP: 34/38 MP: 1/5
  3294 | D:3      | Reached skill level 6 in Polearms
  3294 | D:3      | Gained mutation: You regenerate magic rapidly. [demonic
                  | ancestry]
  3294 | D:3      | Reached XP level 6. HP: 21/44 MP: 6/6
  3298 | D:3      | Learned a level 3 spell: Mephitic Cloud
  3986 | D:4      | Noticed an angel
  3989 | D:4      | Found a glowing silver altar of Zin.
  4000 | D:4      | Found a shimmering altar of Xom.
  4100 | D:4      | Got a crystal hunting sling
  4229 | D:4      | Found a staircase to the Ecumenical Temple.
  4323 | D:4      | Reached skill level 7 in Polearms
  4422 | D:4      | Got a pitted long sword
  4473 | D:4      | Found a radiant altar of Vehumet.
  4502 | Temple   | Entered the Ecumenical Temple
  4515 | Temple   | Became a worshipper of Makhleb the Destroyer
  4573 | D:4      | Found a basalt altar of Yredelemnul.
  4720 | D:4      | Reached skill level 1 in Invocations
  4720 | D:4      | Gained mutation: You are immune to clouds of flame.
                  | [demonic ancestry]
  4720 | D:4      | Reached XP level 7. HP: 27/50 MP: 8/8
  4929 | D:5      | Entered Level 5 of the Dungeon
  4940 | D:5      | Reached skill level 2 in Invocations
  5034 | D:5      | Reached skill level 3 in Invocations
  5339 | D:4      | Identified the +6 hunting sling of Attainder {freeze, rF+}
                  | (You found it on level 4 of the Dungeon)
  5413 | D:5      | Reached skill level 4 in Invocations
  5466 | D:5      | Reached skill level 8 in Polearms
  5498 | D:5      | Reached skill level 5 in Invocations
  5498 | D:5      | Gained mutation: When low on magic, you restore magic in
                  | place of health. [demonic ancestry]
  5498 | D:5      | Reached XP level 8. HP: 45/56 MP: 11/11
  5877 | D:6      | Reached skill level 6 in Invocations
  5892 | D:6      | Reached * piety under Makhleb
  6338 | D:6      | Reached skill level 9 in Polearms
  6338 | D:6      | Reached skill level 7 in Invocations
  6517 | D:5      | Reached skill level 8 in Invocations
  6603 | D:6      | Gained mutation: You are surrounded by a moderate repulsion
                  | field. (EV +3) [demonic ancestry]
  6603 | D:6      | Reached XP level 9. HP: 58/61 MP: 15/15
  6956 | D:6      | Found an iron altar of Okawaru.
  7171 | D:7      | Found Gietot's Distillery.
  7193 | D:7      | Reached ** piety under Makhleb
  7345 | D:7      | Bought 2 potions of curing for 66 gold pieces
  7388 | D:7      | Found Ofychomi's Antique Weapon Emporium.
  7522 | D:7      | Reached skill level 9 in Invocations
  7536 | D:7      | Found a white marble altar of Elyvilon.
  7698 | D:7      | Reached skill level 10 in Polearms
  8052 | D:7      | Reached skill level 10 in Invocations
  8328 | D:8      | Found a stormy altar of Qazlal.
  8396 | D:8      | Found an opulent altar of Gozag.
  8436 | D:8      | Found a shimmering blue altar of Sif Muna.
  8531 | D:8      | Noticed a death yak
  8666 | D:8      | Found a staircase to the Lair.
  8667 | D:8      | Noticed a death yak
  8667 | D:8      | Noticed a death yak
  8667 | D:8      | Noticed a death yak
  8668 | D:8      | Noticed a death yak
  8669 | D:8      | Noticed a death yak
  8713 | D:7      | Killed a death yak
  8714 | D:7      | Reached skill level 11 in Invocations
  8799 | D:7      | HP: 3/61 [death yak (11)]
  8891 | D:7      | Killed a death yak
  8892 | D:7      | Reached skill level 11 in Polearms
  8892 | D:7      | Reached XP level 10. HP: 26/67 MP: 16/18
  9083 | D:7      | HP: 5/100 [death yak (17)]
  9086 | D:7      | Slain by a death yak

Vanquished Creatures
  2 death yaks (D:7)
  An orc warrior (D:7)
  3 black bears
  5 ogres
  A phantom (D:5)
  3 centaurs
  A gnoll sergeant (D:6)
  5 bullfrogs
  A wyvern zombie (D:6)
  3 water moccasin zombies
  A scorpion (D:8)
  4 wights
  A centaur zombie (D:5)
  A bullfrog zombie (D:6)
  3 hounds
  3 jellies
  3 orc priests
  7 orc wizards
  2 iguanas
  2 bullfrog skeletons
  A gnoll shaman (D:7)
  Terence (D:2)
  A worker ant (D:4)
  A hound zombie (D:5)
  3 hound skeletons
  2 worker ant zombies (D:7)
  8 gnolls
  5 adders
  3 shadow imps
  2 white imps
  6 ufetubi
  An adder zombie (D:6)
  2 worms
  3 dart slugs
  8 leopard geckos
  19 orcs
  5 ball pythons
  9 bats
  6 giant cockroaches
  11 goblins
  15 hobgoblins
  15 jackals
  13 kobolds
  3 quokkas
  A ball python zombie (D:6)
  3 frilled lizards
  9 rats
208 creatures vanquished.

Vanquished Creatures (others)
  A kraken (D:1)
  A minotaur (D:1)
  An octopode (D:1)
  A vampire (D:1)
  A human (D:1)
  A bullfrog (D:5)
  A wight (D:5)
  An orc wizard (D:6)
  A worker ant zombie (D:5)
  4 gnolls (D:5)
  An orc (D:1)
  5 tentacles (D:1)
19 creatures vanquished.

Grand Total: 227 creatures vanquished

Table legend: (Time is in decaauts)
 A = Elapsed time spent in this place.
 B = Non-inter-level travel time spent in this place.
 C = Inter-level travel time spent in this place.
 D = Time resting spent in this place.
 E = Time spent auto-exploring this place.
 F = Levels seen in this place.
 G = Mean time per level.
                   A        B        C        D        E       F      G
               +--------+--------+--------+--------+--------+-----+--------+
         Total |   9028 |   8711 |    317 |   1448 |   5375 |   9 | 1003.1 |
       Dungeon |   9005 |   8697 |    308 |   1448 |   5374 |   8 | 1125.6 |
        Temple |     22 |     13 |      9 |      0 |      1 |   1 |   22.0 |
               +--------+--------+--------+--------+--------+-----+--------+

Top non-repeatable levels by time:
     D:2: 1581 daAuts
     D:1: 1424 daAuts
     D:7: 1186 daAuts
     D:4: 1150 daAuts
     D:5: 1113 daAuts
     D:6: 1010 daAuts
     D:3: 980 daAuts
     D:8: 558 daAuts
  Temple: 22 daAuts

Table legend:
 A = Non-vault XP
 B = Vault XP
 C = Vault XP percentage of total XP
 D = Non-vault monster count
 E = Vault monster count
 F = Vault count percentage of total count
                 A         B        C        D         E       F
            +---------+---------+-------+---------+---------+-------
      Total |    4324 |    1922 |  30.8 |     198 |      14 |   6.6
            +---------+---------+-------+---------+---------+-------
        D:1 |      52 |       0 |   0.0 |      27 |       0 |   0.0
        D:2 |      93 |      39 |  29.5 |      32 |       2 |   5.9
        D:3 |     183 |     104 |  36.2 |      22 |       9 |  29.0
        D:4 |     439 |       3 |   0.7 |      18 |       1 |   5.3
        D:5 |     712 |       0 |   0.0 |      19 |       0 |   0.0
        D:6 |    1312 |       0 |   0.0 |      40 |       0 |   0.0
        D:7 |    1171 |    1776 |  60.3 |      31 |       2 |   6.1
        D:8 |     362 |       0 |   0.0 |       9 |       0 |   0.0
            +---------+---------+-------+---------+---------+-------
